 Dungeon Crawl Stone Soup version 0.29-a0-664-gff9cad4a3d (webtiles) character file.

Game seed: 1038007341005601242

1598 testman the Ruffian (level 8, -3/83 HPs)
             Began as a Troll Monk on June 22, 2022.
             Was an Initiate of Gozag.
             Slain by a vampire (7 damage)
             ... on level 6 of the Dungeon.
             The game lasted 00:13:03 (4062 turns).

testman the Ruffian (Troll Monk)                    Turns: 4062, Time: 00:13:04

Health: -3/83      AC:  5    Str: 20    XL:     8   Next: 62%
Magic:  12/12      EV: 10    Int:  6    God:    Gozag
Gold:   1039       SH:  0    Dex: 16    Spells: 10/13 levels left

rFire   . . .      SeeInvis +     - Unarmed
rCold   . . .      Faith    .   (no shield)
rNeg    . . .      Spirit   .   b - +1 robe {Will+}
rPois   .          Reflect  .   (helmet restricted)
rElec   .          Harm     .   (no cloak)
rCorr   +          Rampage  .   (gloves unavailable)
Will    +....                   (boots unavailable)
Stlth   +++.......              (no amulet)
HPRegen 1.03/turn               c - ring of wizardry
MPRegen 0.13/turn               n - ring "Wuedwam" {rCorr Str-2 Dex+4 SInv Stlth+}

@: mighty
A: large, unfitting armour, claws 3, regeneration 1, shaggy fur 1, tough skin 1
a: Renounce Religion, Potion Petition, Call Merchant, Bribe Branch


You were on level 6 of the Dungeon.
You worshipped Gozag.
Gozag was most pleased with you.
You visited 1 branch of the dungeon, and saw 6 of its levels.
You also visited: Sewer.

You collected 1039 gold pieces.

Inventory:

Missiles
 f - 2 poisoned darts (quivered)
 q - 2 boomerangs
 v - a throwing net
 x - 4 javelins
Armour
 a - a +0 robe
 b - a +1 robe of willpower (worn)
Jewellery
 c - a ring of wizardry (left claw)
 n - the ring "Wuedwam" (right claw) {rCorr Str-2 Dex+4 SInv Stlth+}
   (You found it on level 3 of the Dungeon)

   [ring of resist corrosion]

   Str:       It affects your strength (-2).
   Dex:       It affects your dexterity (+4).
   SInv:      It lets you see invisible.
   rCorr:     It protects you from acid and corrosion.
   Stlth:     It makes you more stealthy.
Scrolls
 d - 2 scrolls of identify
 e - 5 scrolls of teleportation {unknown}
 g - a scroll of brand weapon {unknown}
 h - 2 scrolls of immolation {unknown}
 k - 2 scrolls of amnesia {unknown}
 p - a scroll of enchant armour {unknown}
 r - a scroll of summoning {unknown}
 s - a scroll of blinking {unknown}
 u - 2 scrolls of noise {unknown}
Potions
 i - 5 potions of curing
 m - a potion of attraction
 t - 2 potions of haste {unknown}
 w - 2 potions of lignification {unknown}


   Skills:
 + Level 5.7 Fighting
 - Level 2.4 Dodging
 - Level 1.0 Stealth
 + Level 6.9 Unarmed Combat
 + Level 3.4 Spellcasting
 - Level 1.0 Conjurations
 - Level 1.0 Air Magic
 - Level 1.0 Poison Magic


You had 10 spell levels left.
You knew the following spells:

 Your Spells              Type           Power      Damage    Failure   Level
a - Mephitic Cloud        Conj/Pois/Air  2%         N/A       26%         3

Your spell library contained the following spells:

 Spells                   Type           Power      Damage    Failure   Level
 Apportation              Tloc           2%         N/A       14%         1
 Necrotize                Necr           4%         1d4       14%         1
 Sandblast                Erth           2%         2d4       14%         1
 Summon Small Mammal      Summ           4%         N/A       14%         1
 Passwall                 Tmut/Erth      0%         N/A       21%         2
 Stone Arrow              Conj/Erth      2%         3d7       32%         3
 Ignite Poison            Fire/Tmut/Pois 1%         N/A       34%         3
 Freezing Cloud           Conj/Ice/Air   0%         6-21      95%         5


Dungeon Overview and Level Annotations

Branches:
Dungeon (6/15)             Temple (0/1) D:4           Sewer (visited)

Altars:
Ashenzari
Gozag
Zin


Innate Abilities, Weirdness & Mutations

You are too large for most types of armour.
You have claws for hands.
Your natural rate of healing is unusually fast.
You are covered in fur. (AC +1)
You have tough skin. (AC +1)


Message History

You scratch the vampire but do no damage.
The vampire is heavily damaged.
The vampire hits you! The vampire bites you!
The vampire draws strength from your injuries!
You are too injured to fight recklessly!
You are too injured to fight recklessly!
You claw the vampire!
The vampire is heavily damaged.
The vampire hits you but does no damage.
The vampire misses you.
You closely miss the vampire.
The vampire is heavily damaged.
The vampire closely misses you.
The vampire bites you but does no damage.
You scratch the vampire.
The vampire is heavily damaged.
The vampire hits you. The vampire misses you.
You closely miss the vampire.
The vampire is heavily damaged.
The vampire barely misses you. The vampire bites you!
* * * LOW HITPOINT WARNING * * *
The vampire draws strength from your injuries!
Okay, then.
Okay, then.
You feel very mighty all of a sudden. The vampire hits you.
* * * LOW HITPOINT WARNING * * *
The vampire bites you.
* * * LOW HITPOINT WARNING * * *
The vampire draws strength from your injuries!
You claw the vampire!
The vampire is severely damaged.
The vampire draws life force from you!
* * * LOW HITPOINT WARNING * * *
The vampire is healed by the life force!
You claw the vampire! You claw the vampire, but do no damage.
The vampire is almost destroyed.
The vampire hits you!
You die...
Your body crumbles into a pile of gold.

###...###### #.#
...#.############.#
##................#
###.############.#
##...##### #.####
.........# #....#
##.#####.########.##.#
#.# .......#.##.# #.#
#....V@.##.# ##.##
#.###.####.# #...####
#. #.# .........# #.
#.# #...####.# #. #.#
##.## #. #.# #.# #.
#.# #. #..


You could see a vampire (invisible).

Vanquished Creatures
  The ghost of ytrimaz the Chopper, a novice FoFi (D:5)
  Duvessa (D:4)
  A sky beast (D:6)
  An ogre (D:6)
  A centaur (D:5)
  2 bullfrogs (Sewer)
  A necrophage (D:5)
  2 scorpions (D:4)
  Dowan (D:4)
  A howler monkey (D:5)
  3 orc priests
  8 orc wizards
  4 gnolls (D:5)
  9 adders
  A river rat (D:5)
  A shadow imp (D:5)
  A white imp (D:6)
  2 worms
  5 dart slugs
  20 orcs
  3 bats
  9 endoplasms
  8 giant cockroaches
  4 goblins
  2 hobgoblins
  2 jackals (D:1)
  5 kobolds
  13 quokkas
  9 ball pythons
  11 frilled lizards
  6 rats
138 creatures vanquished.

Notes
Turn   | Place    | Note
-------+----------+-------------------------------------------
     0 | D:1      | testman the Troll Monk began the quest for the Orb.
     0 | D:1      | Reached XP level 1. HP: 22/22 MP: 0/0
    86 | D:1      | Reached XP level 2. HP: 29/29 MP: 1/1
   599 | D:1      | Reached XP level 3. HP: 37/37 MP: 2/2
   705 | D:2      | Found an opulent altar of Gozag.
   711 | D:2      | Became a worshipper of Gozag Ym Sagoz the Greedy
  1082 | D:2      | Reached XP level 4. HP: 44/45 MP: 3/3
  1085 | D:2      | Reached skill level 4 in Unarmed Combat
  1435 | D:3      | Identified the ring "Wuedwam" {rCorr Str-2 Dex+4 SInv
                  | Stlth+}
  1569 | D:4      | Reached skill level 1 in Spellcasting
  1598 | D:4      | Reached XP level 5. HP: 53/53 MP: 5/5
  1651 | D:4      | Learned a level 3 spell: Mephitic Cloud
  1749 | D:4      | Noticed Duvessa
  1753 | D:4      | Noticed Dowan
  1777 | D:4      | Killed Duvessa
  1778 | D:4      | Reached XP level 6. HP: 44/62 MP: 5/7
  1789 | D:4      | Killed Dowan
  1829 | D:4      | Reached skill level 1 in Poison Magic
  1913 | D:4      | Reached skill level 1 in Conjurations
  1924 | D:4      | Reached skill level 5 in Unarmed Combat
  1924 | D:4      | Reached skill level 1 in Air Magic
  2019 | D:4      | Found a glowing silver altar of Zin.
  2019 | D:4      | Noticed an angel
  2259 | D:4      | Found a staircase to the Ecumenical Temple.
  2484 | D:5      | Entered Level 5 of the Dungeon
  2484 | D:5      | Found a glowing drain.
  2513 | Sewer    | Entered a sewer
  2577 | Sewer    | Reached XP level 7. HP: 65/70 MP: 8/8
  3172 | D:5      | Noticed ytrimaz's ghost (novice FoFi)
  3173 | D:5      | Found a transporter.
  3321 | D:5      | Found a transporter.
  3395 | D:5      | Found a broken altar of Ashenzari.
  3709 | D:5      | Killed ytrimaz's ghost
  3710 | D:5      | Reached skill level 5 in Fighting
  3710 | D:5      | Reached skill level 6 in Unarmed Combat
  3710 | D:5      | Reached XP level 8. HP: 34/80 MP: 8/11
  4061 | D:6      | HP: 3/83 [vampire/vampiric draining (10)]
  4062 | D:6      | Slain by a vampire

Illustrated notes

Levels and vault maps discovered:
D:1:      amcnicky_arrival_choice, layout_loops_ring, st_stairs_13
D:2:      layout_basic, basic_altar
D:3:      layout_rooms, minmay_strange_pillars, kennysheep_another_room
D:4:      layout_basic, zin_angel, minmay_temple_entry_statues_pillars,
          uniq_duvessa
D:5:      layout_loops_ring, nicolae_ashenzari_skybound, gammafunk_ghost_arena,
          portal_sewer_entry_a
D:6:      layout_loops_ring, uniq_pikel

Skill      XL: |  1  2  3  4  5  6  7 |
---------------+----------------------+-----
Fighting       | 3 4 5 |  5.7
Unarmed Combat | 4 5 6 |  6.9
Spellcasting   | 1 3 |  3.4
Poison Magic   | 1 |  1.0
Conjurations   | 1 |  1.0
Air Magic      | 1 |  1.0
Dodging        | |  2.4
Stealth        | |  1.0

Action                   |  1- 3 |  4- 6 |  7- 9 || total
-------------------------+-------+-------+-------++-------
Melee: Unarmed           |   100 |   141 |   154 ||   395
       Punch             |     2 |     1 |     6 ||     9
 Cast: Mephitic Cloud    |       |       |     1 ||     1
  Use: Potion            |       |       |     6 ||     6
       Scroll            |       |       |     4 ||     4
 Stab: Sleeping          |     6 |     3 |       ||     9
       Distracted        |       |     1 |       ||     1
Armor: Robe              |    27 |    35 |    46 ||   108
Dodge: Dodged            |    53 |    44 |    67 ||   164

Table legend: (Time is in decaauts)
 A = Elapsed time spent in this place.
 B = Non-inter-level travel time spent in this place.
 C = Inter-level travel time spent in this place.
 D = Time resting spent in this place.
 E = Time spent auto-exploring this place.
 F = Levels seen in this place.
 G = Mean time per level.
                   A        B        C        D        E       F      G
               +--------+--------+--------+--------+--------+-----+--------+
         Total |   4121 |   3892 |    229 |      2 |   2924 |   7 |  588.7 |
       Dungeon |   3628 |   3399 |    229 |      2 |   2617 |   6 |  604.7 |
         Sewer |    493 |    493 |      0 |      0 |    307 |   1 |  493.0 |
               +--------+--------+--------+--------+--------+-----+--------+

Top non-repeatable levels by time:
     D:4: 926 daAuts
     D:5: 869 daAuts
     D:1: 652 daAuts
     D:2: 503 daAuts
   Sewer: 493 daAuts
     D:3: 384 daAuts
     D:6: 293 daAuts
